AoeStats
← che_wacca

Four Lakes

510172944Analyzed
1v1 RM · 2d ago on Sep 29, 2026· 36m 26s· 2 players
Game mode
Random Map
Map size
Tiny (2 player)
Population
200
Speed
Normal
Resources
Standard
Victory
Conquest
Starting age
Dark Age
Ending age
Imperial Age
RankedLock teamsTeams togetherTeam positionsShared explorationLock speedFull tech treeHidden civsTurbo modeCheats
Victory
Defeat
🇨🇴 Varangians · Colombia
864
+14
🇪🇸 Japanese · Spain
821
-14
ccvillegas20
9:45 Loom
12:05 Feudal Age
12:51 Double-Bit Axe
16:22 Fishing Lines
19:03 Castle Age
18:55 Bloodlines
20:15 Bow Saw
20:06 Gillnets
21:04 Husbandry
23:07 Wheelbarrow
23:27 Scale Barding Armor
23:33 Forging
23:32 Gold Mining
23:33 Stone Mining
24:25 Horse Collar
25:09 Chain Barding Armor
27:31 Iron Casting
33:26 Imperial Age
33:44 Stone Shaft Mining
33:47 Cavalier
35:06 Plate Barding Armor
35:43 Blast Furnace
che_wacca
6:31 Loom
9:12 Feudal Age
9:21 Man-at-Arms
14:53 Double-Bit Axe
21:27 Castle Age
19:13 Horse Collar
24:30 Forging
26:05 Scale Mail Armor
29:03 Scale Barding Armor
31:16 Pikeman
32:12 Chain Mail Armor
33:14 Long Swordsman
Connection lost

Rejoining the realm…

Still unreachable

The connection could not be restored.

Session expired

The server has moved on; the page needs a fresh start.